 Dungeon Sprint DCSS version 0.30-a0-177-g1cb5dbfd7a (webtiles) character file.

Game seed: 6476351720348218975

363 mhtbhm the Basher (level 6, -7/48 HPs)
             Began as a Gargoyle Berserker on Oct 2, 2022.
             Was a Believer of Trog.
             Mangled by a neqoxec (12 damage)
             ... in the Dungeon (Sprint II: "The Violet Keep of Menkaure").
             The game lasted 00:00:18 (74 turns).

mhtbhm the Basher (Gargoyle Berserker)                Turns: 74, Time: 00:00:18

Health: -7/48      AC:  6    Str: 22    XL:     6   Next: 67%
Magic:  6/6        EV: 12    Int:  8    God:    Trog [**....]
Gold:   243        SH:  0    Dex:  7    Spells: 5/5 levels left

rFire   . . .      SeeInvis .    a - +0 mace
rCold   . . .      Faith    .    (no shield)
rNeg    + . .      Spirit   .    b - +0 animal skin
rPois   ∞          Reflect  .    (no helmet)
rElec   +          Harm     .    (no cloak)
rCorr   .          Rampage  .    (no gloves)
Will    .....      NoTele   +    (no boots)
Stlth   +.........               (no amulet)
HPRegen 0.28/turn                (no ring)
MPRegen 0.10/turn                (no ring)

@: on berserk cooldown, slowed, very slow
A: sickness immunity, AC +4, negative energy resistance 1, electricity
resistance, torment resistance 1, petrification resistance, clumsy 1, screaming
1, wild magic 1
a: Renounce Religion, Berserk, Trog's Hand


You were in the Dungeon.
You worshipped Trog.
Trog was pleased with you.
You visited 1 branch You collected 243 gold pieces.

Inventory:

Hand Weapons
 a - a +0 mace (weapon)
Armour
 b - a +0 animal skin (worn)
Scrolls
 h - a scroll of blinking
Potions
 c - a potion of curing
 d - a potion of heal wounds
 e - a potion of haste
 f - 2 potions of magic
 g - a potion of berserk rage


   Skills:
 + Level 9.7 Fighting
 + Level 9.7 Maces & Flails
 + Level 4.8 Armour
 + Level 3.9 Dodging


You had 5 spell levels left.
You didn't know any spells.
Your spell library was empty.

Dungeon Overview and Level Annotations

Branches:
Dungeon (1/1)

Altars:


Innate Abilities, Weirdness & Mutations

You are immune to sickness and miasma.
Your stone body is resilient. (AC +4)
You are immune to poison.
You resist negative energy. (rN+)
You are resistant to electric shocks. (rElec)
You are resistant to unholy torment.
You are immune to petrification.
You are clumsy. (Dex -2)
You occasionally shout uncontrollably at your foes.
Your spells are a little harder to cast, but a little more powerful.


Message History

You are too injured to fight recklessly!
You are too injured to fight recklessly!
You are too injured to fight recklessly!
You are too injured to fight recklessly!
You are too injured to fight recklessly!
You are too injured to fight recklessly!
You are too injured to fight recklessly!
You are too injured to fight recklessly!
You are too injured to fight recklessly!
You sock the neqoxec!
The neqoxec is heavily wounded.
You closely miss the neqoxec.
The neqoxec is heavily wounded.
The neqoxec hits you!
* * * LOW HITPOINT WARNING * * *
The neqoxec closely misses you.
You barely miss the neqoxec.
The neqoxec is heavily wounded.
The neqoxec hits you.
* * * LOW HITPOINT WARNING * * *
The neqoxec gestures at you.
Something tries to feed on your intellect!
You hit the neqoxec.
The neqoxec is heavily wounded.
You thump the neqoxec!
The neqoxec is almost dead.
The neqoxec hits you!
* * * LOW HITPOINT WARNING * * *
The neqoxec gestures at you.
Strange energies course through your body.
You feel the urge to shout.
You closely miss the neqoxec. Your punch misses the neqoxec.
The neqoxec is almost dead.
You are no longer berserk.
You are exhausted.
You feel yourself slow down. The neqoxec gestures at you.
Something tries to feed on your intellect!
The neqoxec hits you!
You die...

#+#
###.###
#..#..#
##.#.##
##†##
##.##
+.<.+
##.##
#@#
#.33#
#..##3#
### ##


You could see 3 neqoxecs.

Vanquished Creatures
  A neqoxec (D)
  4 scorpions (D)
5 creatures vanquished.

Notes
Turn   | Place    | Note
-------+----------+-------------------------------------------
     0 | D        | mhtbhm the Gargoyle Berserker began the quest for the Orb.
     0 | D        | Reached XP level 1. HP: 14/14 MP: 1/1
     1 | D        | Noticed a scorpion
     1 | D        | Noticed a scorpion
     1 | D        | Noticed a scorpion
     1 | D        | Noticed a scorpion
     5 | D        | Killed a scorpion
     6 | D        | Reached skill level 5 in Maces & Flails
     6 | D        | Reached XP level 2. HP: 22/22 MP: 2/2
     6 | D        | Reached XP level 3. HP: 27/27 MP: 3/3
     6 | D        | Reached XP level 4. HP: 32/32 MP: 4/4
    12 | D        | Killed a scorpion
    13 | D        | Reached XP level 5. HP: 38/38 MP: 5/5
    14 | D        | Reached ** piety under Trog
    26 | D        | Reached XP level 6. HP: 39/45 MP: 6/6
    54 | D        | Noticed a neqoxec
    54 | D        | Noticed a neqoxec
    54 | D        | Noticed a neqoxec
    54 | D        | Noticed a neqoxec
    54 | D        | Gained mutation: You are clumsy. (Dex -2) [a neqoxec]
    62 | D        | Gained mutation: Your spells are a little harder to cast,
                  | but a little more powerful. [a neqoxec]
    66 | D        | Killed a neqoxec
    73 | D        | Gained mutation: You occasionally shout uncontrollably at
                  | your foes. [a neqoxec]
    74 | D        | Mangled by a neqoxec

Illustrated notes

Levels and vault maps discovered:
D:        the_violet_keep_of_menkaure [sprint2_stairs_cluster_1,
          sprint2_shoproom, sprint2_temple, sprint2_basic_supplies,
          sprint2_obstacle_7, sprint2_obstacle_4, sprint2_obstacle_3,
          sprint2_obstacle_2, sprint2_obstacle_5, sprint2_timed_cluster_1,
          sprint2_smallroom_cluster_1, sprint2_smallroom_final_cluster_1,
          sprint2_transparent_cluster_1, sprint2_second_timed_cluster_1,
          sprint2_sniper_area_1, sprint2_heavy_combat_area_1,
          sprint2_mutation_trap_area_1, sprint2_forest_area_1,
          sprint2_light_combat_area_1, sprint2_behind_water_1,
          sprint2_near_end_vault_1]

Skill      XL: |  1  2  3  4  5  6 |
---------------+-------------------+-----
Fighting       | 6 7 8 9 |  9.7
Maces & Flails | 5 6 8 9 |  9.7
Armour         | 3 4 |  4.8
Dodging        | 2 3 |  3.9

Action                   |  1- 3 |  4- 6 || total
-------------------------+-------+-------++-------
Melee: Mace              |     3 |    38 ||    41
Invok: Berserk           |     1 |     1 ||     2
Armor: Animal skin       |       |     7 ||     7
Dodge: Dodged            |     1 |    18 ||    19

Table legend: (Time is in decaauts)
 A = Elapsed time spent in this place.
 B = Non-inter-level travel time spent in this place.
 C = Inter-level travel time spent in this place.
 D = Time resting spent in this place.
 E = Time spent auto-exploring this place.
 F = Levels seen in this place.
 G = Mean time per level.
                   A        B        C        D        E       F      G
               +--------+--------+--------+--------+--------+-----+--------+
         Total |     75 |     75 |      0 |     18 |      1 |   1 |   75.0 |
       Dungeon |     75 |     75 |      0 |     18 |      1 |   1 |   75.0 |
               +--------+--------+--------+--------+--------+-----+--------+

Top non-repeatable levels by time:
       D: 75 daAuts
